 Dungeon Crawl Stone Soup version 0.17-a0-670-g5d95ebd (webtiles) character file.

46 Chiseanne the Grave Robber (level 3, -5/26 HPs)
             Began as a Demonspawn Necromancer on Apr 18, 2015.
             Slain by a worm (7 damage)
             ... on level 2 of the Dungeon.
             The game lasted 00:05:33 (1827 turns).

Chiseanne the Grave Robber (Demonspawn Necromancer) Turns: 1827, Time: 00:05:33

Health: -5/26      AC:  3    Str:  8    XL:     3   Next: 46%
Magic:  3/6        EV: 14    Int: 17    God:
Gold:   85         SH:  0    Dex: 13    Spells: 3 memorised, 2 levels left

rFire  + . .     SeeInvis .     e - +0 short sword
rCold  + . .     Clarity  .     a - +0 robe
rNeg   . . .     SustAb   .     (no shield)
rPois  +         Gourm    .     (no helmet)
rElec  +         Spirit   .     (no cloak)
rCorr  +         Warding  .     (no gloves)
rMut   .         Stasis   .     h - +0 pair of boots
MR     .....                    (no amulet)
Stlth  ++........               (no ring)
                                (no ring)

@: lethally poisoned (-5 -> -7), resistant, not resistant to hostile
enchantments, unstealthy
A: claws 2, repulsion field 1, robust 1, wild magic 1
a: no special abilities


You were on level 2 of the Dungeon.
You were not hungry.

You visited 1 branch of the dungeon, and saw 2 of its levels.

You collected 85 gold pieces.

Inventory:

Hand weapons
 e - a +0 short sword (weapon)
Missiles
 g - 6 tomahawks (quivered)
Armour
 a - a +0 robe (worn)
 h - a +0 pair of boots (worn)
Scrolls
 d - a scroll of fog {unknown}
 i - a scroll of recharging {unknown}
 l - a scroll of remove curse {unknown}
Books
 b - a book of Necromancy

   Spells                             Type                      Level
   a - Pain                           Necromancy                   1
   b - Animate Skeleton               Necromancy                   1
   c - Vampiric Draining              Necromancy                   3
   d - Regeneration                   Charms/Necromancy            3
   e - Animate Dead                   Necromancy                   4
   f - Control Undead                 Necromancy                   4
Comestibles
 c - 2 bread rations
 f - 2 chunks of flesh
 m - a fruit


   Skills:
 * Level 1.8 Dodging
 - Level 1.7 Stealth
 * Level 0.5 Unarmed Combat
 * Level 2.6 Spellcasting
 * Level 5.2 Necromancy


You had 2 spell levels left.
You knew the following spells:

 Your Spells              Type           Power        Failure   Level  Hunger
a - Pain                  Necr           ####         7%          1    #......
b - Animate Skeleton      Necr           N/A          7%          1    #......
c - Vampiric Draining     Necr           ####......   19%         3    ###....


Dungeon Overview and Level Annotations

Branches:
Dungeon (2/15)

Altars:


Innate Abilities, Weirdness & Mutations

You have very sharp fingernails.
You are surrounded by a mild repulsion field (EV +2).
You are robust (+10% HP).
Your spells are a little harder to cast, but a little more powerful.


Message History

Casting: Pain
Confirm with . or Enter, or press ? or * to list all spells.
You don't have enough magic to cast that spell.
Unknown command.
The adder bites your rat skeleton.
Your giant gecko skeleton bites the adder.
Something closely misses the adder.
Your rat skeleton closely misses the adder.
* * * LOW HITPOINT WARNING * * *
You feel sick. The adder bites your rat skeleton.
Your giant gecko skeleton bites the adder.
The adder dies!
You swap places.
You swap places.
* * * LOW HITPOINT WARNING * * *
You feel sick.
There is a stone staircase leading down here.
You climb downwards.
Your mindless thralls stay behind.
The gnoll barely misses you. The worm bites you!
You die...

#########
###.......
..........#
....g...#
#......#
#..<.w.####.#
#.@g.......
########..#


You could see a worm and 2 gnolls.

Vanquished Creatures
  A ball python (D:1)
  4 giant cockroaches (D:1)
  A goblin (D:1)
  4 hobgoblins (D:1)
  6 jackals (D:1)
  5 kobolds (D:1)
  3 bats (D:1)
  A giant newt (D:1)
  4 rats (D:1)
29 creatures vanquished.

Vanquished Creatures (collateral kills)
  An adder (D:1)
  A gnoll (D:1)
  A giant gecko (D:1)
  2 bats (D:1)
  2 hobgoblins (D:1)
  A jackal (D:1)
  A kobold (D:1)
  A rat (D:1)
10 creatures vanquished.

Vanquished Creatures (others)
  3 bat skeletons (D:1)
  A goblin skeleton (D:1)
  A hobgoblin skeleton (D:1)
  4 jackal skeletons (D:1)
  A rat skeleton (D:1)
10 creatures vanquished.

Grand Total: 49 creatures vanquished

Notes
Turn   | Place    | Note
--------------------------------------------------------------
     0 | D:1      | Chiseanne, the Demonspawn Necromancer, began the quest for the Orb.
     0 | D:1      | Reached XP level 1. HP: 13/13 MP: 3/3
   191 | D:1      | Learned a level 1 spell: Animate Skeleton
   499 | D:1      | Gained mutation: You are surrounded by a mild repulsion field (EV +2). [demonic ancestry]
   499 | D:1      | Reached XP level 2. HP: 19/19 MP: 3/5
   844 | D:1      | Reached skill level 5 in Necromancy
  1277 | D:1      | Gained mutation: You have sharp fingernails. [demonic ancestry]
  1277 | D:1      | Reached XP level 3. HP: 20/24 MP: 1/6
  1623 | D:1      | Learned a level 3 spell: Vampiric Draining
  1815 | D:1      | Gained mutation: You are robust (+10% HP). [potion of mutation]
  1815 | D:1      | Gained mutation: Your spells are a little harder to cast, but a little more powerful. [potion of mutation]
  1815 | D:1      | Gained mutation: You have very sharp fingernails. [potion of mutation]
  1825 | D:1      | HP: 1/26 [poisoned by an adder]
  1827 | D:2      | Slain by a worm

Action                   || total
-------------------------++-------
Melee: Unarmed           ||     2
       Short sword       ||    28
 Cast: Pain              ||    46
       Animate Skeleton  ||    14
  Use: Potion            ||     2
  Eat: Chunk             ||     3
